Map: World of Sleepers LE

Players

DnS - Winner!

  • Race: Protoss Protoss
  • Spawn Location: 1:00

Cham

  • Race: Zerg Zerg
  • Spawn Location: 7:00

VOD

Have the link to the VOD?

Description

Time

  • Played on: Sept. 6, 2019, 4:45 p.m.
  • Length: 26:26
Show
View Real Time Build Order
Export as new Build Order

DnS Protoss - Winner!

Build Orders: 1 Gate Expand, Oracle Opening, Phoenix Opening, Archon Immortal, Carriers, Archon Drop 

Get SALT Encoding   

  12  0:00  Probe  
  13  0:12  Probe  
  14  0:18  Pylon  
  14  0:24  Probe  
  15  0:29  Assimilator  
  15  0:34  Probe  
  16  0:43  Gateway, Probe  
  17  0:51  Probe  
  18  1:03  Probe  
  19  1:15  Probe  
  20  1:23  Nexus  
  20  1:32  Cybernetics Core  
  20  1:35  Probe  
  21  1:40  Assimilator  
  21  1:48  Probe  
  21  1:52  Pylon  
  22  2:00  Probe, Adept  
  23  2:12  Stargate, Probe  
  26  2:20  Warp Gate  
  26  2:24  Probe  
  27  2:30  Adept  
  27  2:31  Probe  
  27  2:36  Probe  
  31  2:39  Probe  
  32  2:48  Probe, Phoenix  
  32  2:49  Probe  
  36  3:00  Probe  
  36  3:03  Probe  
  36  3:05  Oracle  
  38  3:06  Pylon  
  38  3:12  Probe  
  39  3:15  Probe  
  43  3:24  Probe  
  43  3:27  Gateway, Probe, Assimilator  
  44  3:30  Assimilator  
  45  3:36  Probe  
  45  3:38  Robotics Facility  
  45  3:40  Probe  
  47  3:49  Probe x2  
  47  3:51  Twilight Council  
  47  3:54  Pylon  
  49  3:58  Probe  
  49  4:01  Probe  
  51  4:06  Probe  
  51  4:13  Probe  
  51  4:15  Warp Prism  
  53  4:22  Gateway  
  53  4:23  Gateway  
  53  4:25  Probe  
  53  4:30  Templar Archives  
  56  4:34  Zealot x2  
  56  4:37  Pylon  
  60  4:48  Observer  
  60  4:51  Pylon  
  60  4:59  Nexus  
  61  5:00  Probe x2  
  63  5:18  Pylon, High Templar x4  
  63  5:20  Probe x2  
  73  5:23  Archon x2  
  73  5:30  Forge  
  73  5:32  Probe x2  
  67  5:44  Probe  
  67  5:45  Probe  
  68  5:54  Shield Battery  
  68  5:56  Probe  
  68  5:57  Probe  
  69  6:07  High Templar x4  
  69  6:08  Probe  
  69  6:09  Probe  
  69  6:11  Gateway, Protoss Ground Weapons Level 1  
  79  6:12  Gateway, Archon x2  
  79  6:16  Immortal, Gateway  
  79  6:17  Gateway  
  80  6:18  Probe  
  80  6:20  Probe  
  79  6:26  Probe  
  79  6:30  Probe  
  79  6:32  Probe  
  84  6:38  Probe, Charge  
  83  6:42  Probe  
  83  6:43  Immortal  
  83  6:44  Probe  
  85  6:50  Probe  
  85  6:52  Assimilator x2  
  86  6:54  Probe  
  86  6:56  Probe  
  92  7:02  Probe  
  92  7:07  Probe  
  92  7:08  Zealot x2, Probe, High Templar  
  101  7:17  Pylon  
  101  7:19  Pylon  
  101  7:20  Psionic Storm  
  101  7:31  Immortal, Pylon  
  101  7:34  Pylon  
  101  7:35  Probe x3  
  101  7:36  Pylon  
  108  7:44  Pylon  
  108  7:47  High Templar  
  108  7:48  Zealot x2, Probe x2  
  117  7:52  Pylon  
  117  7:53  Pylon  
  116  8:03  Photon Cannon  
  116  8:04  Photon Cannon  
  116  8:05  Immortal  
  116  8:06  Photon Cannon  
  116  8:08  Zealot x5, Archon  
  130  8:18  Shield Battery  
  130  8:20  Shield Battery  
  130  8:25  High Templar x3  
  136  8:27  Shield Battery  
  136  8:28  Shield Battery  
  136  8:29  Archon, High Templar  
  136  8:32  Zealot  
  136  8:35  Archon  
  136  8:37  Zealot x3  
  142  8:46  Immortal  
  109  8:57  Zealot x3  
  109  8:58  Zealot x4  
  119  9:07  Protoss Ground Weapons Level 2  
  115  9:17  Immortal  
  115  9:21  High Templar  
  115  9:22  Zealot x4, High Templar x3  
  131  9:26  Archon x2  
  131  9:31  Nexus  
  123  9:45  Zealot x4  
  123  9:47  Immortal, Observer  
  133  10:02  High Templar x3  
  133  10:03  High Templar  
  139  10:11  Zealot  
  139  10:12  Zealot x3  
  147  10:15  Archon x2  
  147  10:17  Immortal  
  147  10:24  Gateway  
  151  10:34  Pylon  
  151  10:36  Pylon  
  151  10:40  Unknown  
  151  10:42  High Templar x3, Phoenix  
  155  10:46  Zealot  
  155  10:47  Zealot x3  
  167  11:03  Nexus  
  167  11:12  High Templar x2  
  167  11:15  Zealot x3  
  167  11:16  Zealot  
  163  11:19  Pylon x2  
  163  11:23  Photon Cannon  
  163  11:25  Photon Cannon  
  163  11:37  Warp Prism  
  163  11:38  Fleet Beacon  
  163  11:39  Stargate  
  163  11:41  Stargate  
  163  11:46  Protoss Air Weapons Level 1  
  153  11:49  Protoss Ground Weapons Level 3  
  153  11:53  Photon Cannon, High Templar  
  153  11:55  Photon Cannon  
  147  12:10  Zealot  
  147  12:14  Nexus  
  139  12:20  High Templar x2  
  139  12:21  Zealot x4  
  148  12:38  Carrier x2  
  148  12:44  Carrier, Zealot x5  
  148  12:45  Zealot  
  176  13:05  High Templar  
  178  13:12  Nexus  
  178  13:14  Pylon  
  178  13:18  Mothership  
  166  13:28  Zealot x7  
  154  13:43  Protoss Air Weapons Level 2  
  159  14:00  Zealot x6  
  159  14:02  Zealot, Unknown  
  173  14:06  Carrier  
  173  14:11  Carrier  
  170  14:18  Zealot  
  166  14:31  Zealot x2  
  166  14:36  High Templar x2  
  166  14:37  High Templar x2  
  172  14:40  Archon  
  172  14:41  Carrier, Archon  
  163  15:02  Nexus  
  163  15:03  Probe x3  
  163  15:05  Carrier  
  171  15:16  Carrier  
  171  15:17  Zealot  
  171  15:18  Zealot x3  
  183  15:28  Photon Cannon x2, High Templar x2  
  183  15:29  High Templar  
  183  15:32  Photon Cannon  
  183  15:34  Archon  
  181  15:41  Zealot  
  183  15:43  Observer  
  183  15:45  Gateway  
  135  16:08  High Templar x3  
  141  16:29  Stalker x3  
  141  16:30  Stalker  
  143  16:42  Carrier x2, Nexus  
  155  16:56  Blink  
  147  17:03  Archon  
  147  17:04  Archon  
  136  17:10  Pylon  
  136  17:13  Stalker x3  
  136  17:14  Stalker x2  
  126  17:30  Immortal  
  108  17:38  High Templar x3  
  108  17:39  Zealot x2  
  114  17:50  Void Ray x2  
  114  17:57  Immortal  
  114  18:06  High Templar  
  114  18:08  Zealot  
  122  18:12  Zealot  
  122  18:13  Zealot x2  
  128  18:24  Photon Cannon  
  128  18:26  Photon Cannon, Gateway  
  128  18:31  Zealot  
  130  18:37  Zealot x2  
  130  18:38  Zealot  
  129  18:46  Archon  
  129  18:47  Archon  
  110  18:50  High Templar  
  112  19:00  High Templar x2  
  112  19:02  Warp Prism, Gateway  
  116  19:04  Photon Cannon, Gateway  
  116  19:07  Photon Cannon  
  116  19:08  Photon Cannon  
  116  19:09  Shield Battery  
  116  19:10  Zealot x2  
  116  19:11  Pylon  
  122  19:22  High Templar x2  
  126  19:31  Zealot x2  
  126  19:32  Immortal, Zealot x2  
  134  19:50  Assimilator  
  134  19:51  Assimilator  
  134  19:55  Void Ray  
  138  20:10  Zealot  
  138  20:11  Carrier, Zealot x7  
  152  20:26  Carrier  
  154  20:42  Nexus  
  160  20:46  Unknown  
  160  20:47  Pylon  
  148  20:58  Warp Prism  
  146  21:06  Protoss Air Weapons Level 3  
  144  21:12  Photon Cannon  
  144  21:14  Photon Cannon  
  144  21:15  Photon Cannon  
  144  21:24  Carrier  
  142  21:53  Zealot  
  142  21:56  Carrier  
  142  21:57  Nexus  
  142  21:59  Shield Battery  
  142  22:07  Assimilator  
  148  22:13  Zealot x3  
  148  22:14  Zealot  
  156  22:18  Observer  
  156  22:23  Carrier  
  157  22:41  Assimilator  
  157  22:43  Zealot x3  
  162  22:52  Zealot x5  
  162  22:56  Carrier  
  172  22:59  Warp Prism  
  164  23:14  Pylon  
  164  23:19  Zealot x5  
  174  23:25  Zealot x3  
  176  23:30  Mothership  
  170  23:50  Probe  
  170  23:51  Probe  
  172  23:58  Probe  
  172  23:59  Probe  
  172  24:00  Probe x3  
  167  24:12  Carrier, Probe  
  155  24:21  Zealot x3  
  155  24:22  Zealot x3  
  155  24:23  Carrier  
  123  24:48  High Templar x2  
  123  24:49  High Templar x2  
  123  24:50  Zealot x2, High Templar  
  123  24:51  Zealot  
  131  24:58  Carrier  
  133  25:28  Zealot  
  133  25:29  Zealot x7  
  155  25:51  Zealot x8  
  149  26:13  Shield Battery, Photon Cannon  
  149  26:15  Shield Battery  
  149  26:17  Photon Cannon  
Show
View Real Time Build Order
Export as new Build Order

Cham Zerg 

Build Orders: Hatch First, Brood Lord Corruptor 

Get SALT Encoding   

  12  0:01  Drone  
  13  0:08  Drone  
  14  0:16  Overlord  
  14  0:35  Drone x2  
  16  0:48  Hatchery  
  15  0:52  Drone  
  15  0:56  Drone  
  17  0:58  Drone  
  18  1:12  Extractor  
  18  1:13  Spawning Pool  
  18  1:17  Drone  
  17  1:20  Drone  
  18  1:29  Drone  
  19  1:41  Drone  
  20  1:50  Overlord  
  20  2:00  Queen x2  
  20  2:01  Zergling x2  
  25  2:02  Drone  
  26  2:12  Drone  
  26  2:13  Metabolic Boost  
  27  2:16  Drone  
  28  2:23  Drone x2  
  30  2:36  Hatchery  
  29  2:39  Zergling x2  
  30  2:44  Queen  
  30  2:48  Overlord  
  32  2:51  Drone  
  32  2:58  Drone x2  
  35  3:00  Overlord  
  35  3:07  Drone x2  
  38  3:12  Drone  
  38  3:13  Drone x2  
  38  3:16  Spore Crawler  
  38  3:19  Drone x2  
  41  3:25  Drone x2  
  43  3:28  Overlord  
  43  3:37  Queen  
  43  3:38  Queen  
  47  3:42  Overlord  
  47  3:46  Drone  
  47  3:48  Spore Crawler, Drone  
  47  3:53  Drone x3  
  51  3:56  Drone x2  
  51  3:59  Drone  
  51  4:01  Drone x2  
  56  4:03  Drone  
  56  4:05  Drone  
  56  4:09  Queen  
  58  4:13  Drone  
  58  4:18  Drone x2  
  58  4:20  Drone x2  
  58  4:22  Spore Crawler  
  61  4:27  Overlord  
  61  4:29  Drone x3  
  65  4:35  Roach Warren, Overlord, Drone  
  65  4:37  Zergling x2  
  66  4:41  Overlord  
  66  4:45  Lair  
  66  4:47  Zergling x4  
  66  4:48  Zergling x4  
  66  4:49  Zergling x2  
  70  4:58  Zergling x14  
  77  5:01  Zergling x4  
  79  5:07  Extractor  
  79  5:08  Overlord, Extractor  
  79  5:09  Extractor  
  79  5:10  Drone  
  77  5:14  Overlord  
  77  5:16  Drone  
  77  5:17  Drone  
  75  5:28  Drone  
  75  5:29  Drone x10  
  75  5:33  Overlord  
  84  5:38  Drone  
  84  5:40  Extractor  
  84  5:41  Overlord, Extractor  
  83  5:47  Evolution Chamber  
  83  5:48  Baneling Nest  
  83  5:49  Drone x2  
  82  5:50  Overlord  
  82  5:53  Hatchery  
  82  5:55  Overlord  
  81  5:58  Drone  
  81  6:01  Drone  
  83  6:09  Drone  
  83  6:10  Overlord  
  83  6:11  Drone x3  
  87  6:12  Roach x5  
  87  6:13  Glial Reconstitution, Roach  
  87  6:15  Roach  
  87  6:17  Roach  
  103  6:25  Roach  
  104  6:27  Overlord  
  104  6:29  Zerg Missile Weapons Level 1  
  98  6:34  Overlord  
  98  6:37  Roach x2  
  101  6:49  Centrifical Hooks  
  101  6:50  Drone x9  
  110  6:57  Overlord  
  110  7:00  Drone x3  
  113  7:07  Overlord  
  112  7:09  Drone x2  
  112  7:10  Drone x2  
  112  7:11  Roach x2  
  112  7:14  Hatchery  
  112  7:15  Roach x2  
  123  7:17  Roach  
  123  7:19  Roach  
  123  7:20  Roach x2  
  123  7:22  Zergling x2  
  132  7:23  Ravager x2  
  132  7:24  Ravager  
  132  7:27  Roach x4  
  132  7:29  Overlord  
  143  7:30  Overlord  
  143  7:36  Overlord x2  
  143  7:47  Drone x2  
  143  7:48  Zergling x2  
  143  7:49  Zergling x14  
  143  7:50  Ravager x3  
  143  7:51  Zergling x4, Ravager  
  159  7:58  Roach  
  159  7:59  Zergling x4  
  159  8:00  Zergling x2  
  162  8:06  Zergling x2  
  162  8:12  Drone  
  164  8:13  Infestation Pit  
  164  8:14  Baneling  
  164  8:15  Baneling x17  
  164  8:16  Zergling x4  
  164  8:17  Zergling x6  
  164  8:18  Zergling x4  
  164  8:19  Zergling x16  
  174  8:22  Overlord  
  174  8:25  Zergling x4  
  174  8:26  Baneling x5  
  169  8:40  Zergling x10  
  173  8:47  Roach  
  173  8:48  Zergling x4, Roach x8  
  178  8:53  Roach x3  
  168  8:55  Roach  
  168  8:58  Baneling x4  
  168  8:59  Roach x3  
  162  9:05  Roach  
  162  9:08  Roach x2  
  162  9:09  Hive  
  158  9:10  Queen  
  158  9:13  Roach x4  
  158  9:14  Roach  
  158  9:16  Ravager  
  164  9:17  Zergling x4  
  164  9:18  Zergling x4  
  164  9:19  Zergling x4, Ravager  
  164  9:20  Zergling x2, Ravager, Roach x2  
  171  9:26  Drone  
  171  9:28  Zerg Melee Weapons Level 1  
  171  9:29  Spire, Zergling x2, Roach  
  173  9:32  Roach  
  173  9:34  Roach  
  173  9:37  Zergling x2  
  167  9:42  Zergling x8, Roach x2  
  169  9:46  Zergling x2  
  169  9:51  Roach  
  158  9:56  Roach x2  
  158  9:59  Zergling x8, Roach x3  
  168  10:00  Zergling x2  
  168  10:01  Zergling x2  
  168  10:04  Zergling x4  
  171  10:09  Zergling x2  
  171  10:10  Zergling x6  
  175  10:18  Roach x3  
  175  10:19  Overlord x6  
  179  10:22  Adrenal Glands  
  179  10:28  Overlord x2  
  179  10:31  Overlord x2  
  179  10:37  Unknown  
  179  10:38  Unknown  
  177  10:44  Drone x2  
  177  10:46  Corruptor x6  
  177  10:48  Zergling x2, Roach x2  
  194  10:54  Zergling x2, Roach x2  
  194  10:56  Zergling x2  
  193  10:57  Zergling x8, Roach x3  
  193  11:02  Spire  
  197  11:10  Ravager  
  197  11:11  Ravager x3  
  194  11:12  Zergling x10  
  194  11:13  Zergling x2  
  194  11:17  Zergling x12  
  194  11:18  Zergling x4  
  199  11:46  Zergling x2  
  199  11:47  Zergling x6  
  200  11:54  Baneling x6  
  200  11:58  Zerg Melee Weapons Level 2, Zergling x2  
  199  12:08  Hatchery  
  193  12:18  Zergling x2  
  193  12:19  Zergling x18  
  195  12:30  Greater Spire  
  195  12:33  Zergling x8  
  192  12:48  Corruptor x5  
  200  12:51  Pneumatized Carapace  
  200  13:04  Baneling x3  
  200  13:05  Baneling  
  197  13:11  Baneling x4  
  192  13:13  Zergling x16  
  192  13:18  Roach x2  
  192  13:19  Roach x2  
  199  13:20  Ravager x3  
  183  13:35  Zergling x34  
  183  13:38  Baneling x4  
  190  13:44  Brood Lord x2  
  190  13:45  Brood Lord x4  
  190  13:46  Zerg Flyer Weapons Level 1  
  190  13:48  Drone  
  199  13:50  Hatchery  
  198  13:59  Corruptor  
  191  14:26  Corruptor  
  191  14:27  Corruptor  
  189  14:34  Corruptor  
  189  14:35  Corruptor x7  
  189  14:36  Corruptor  
  189  14:37  Corruptor  
  196  14:45  Corruptor x2  
  173  14:50  Corruptor x2  
  173  14:51  Corruptor  
  173  14:52  Corruptor x2  
  177  14:53  Zergling x2, Roach x5  
  177  14:54  Zergling x2  
  177  14:58  Zergling x2, Roach x2  
  177  14:59  Zergling x2  
  193  15:02  Zergling x2, Roach x3  
  186  15:07  Corruptor x2  
  186  15:11  Corruptor  
  186  15:13  Overseer  
  190  15:17  Roach x2  
  190  15:23  Roach x2  
  190  15:25  Corruptor  
  198  15:28  Roach  
  198  15:30  Roach  
  198  15:33  Overseer  
  167  15:50  Roach  
  167  15:51  Roach x8  
  167  15:52  Roach  
  167  15:54  Roach  
  163  16:01  Zergling x2, Roach x3  
  166  16:08  Drone x3  
  169  16:15  Zergling x4, Roach x2  
  175  16:22  Roach  
  162  16:27  Zergling x18  
  162  16:31  Zergling x2, Roach  
  171  16:38  Zergling x6  
  171  16:39  Zergling x8  
  176  16:44  Ravager x3  
  176  16:45  Ravager x3  
  176  16:46  Roach  
  184  16:52  Zergling x2, Roach x2  
  184  16:54  Baneling x2  
  174  17:04  Roach x4  
  151  17:08  Roach  
  151  17:09  Roach  
  151  17:11  Roach  
  151  17:12  Roach  
  151  17:14  Roach  
  153  17:18  Roach x2  
  153  17:21  Roach  
  153  17:22  Roach  
  148  17:32  Roach x2  
  124  17:37  Roach x3  
  124  17:40  Roach x2  
  129  17:48  Roach x3  
  127  17:55  Ravager x2  
  127  17:56  Zergling x2, Ravager x3  
  127  17:57  Zergling x4  
  135  17:59  Roach  
  135  18:00  Roach  
  135  18:03  Roach  
  141  18:16  Hatchery  
  141  18:19  Roach  
  144  18:20  Roach  
  144  18:21  Roach  
  144  18:22  Zergling x2, Roach  
  144  18:23  Zergling x2  
  150  18:29  Roach x2  
  149  18:39  Corruptor x2  
  146  18:45  Corruptor x2  
  146  18:48  Corruptor  
  124  18:55  Corruptor x2  
  117  18:58  Corruptor  
  117  19:02  Corruptor  
  121  19:05  Corruptor  
  123  19:26  Brood Lord x6  
  123  19:30  Brood Lord  
  136  19:34  Brood Lord  
  138  19:39  Brood Lord  
  138  19:41  Corruptor  
  139  19:48  Corruptor  
  136  19:56  Zergling x4  
  136  19:57  Zergling x20  
  148  20:02  Corruptor  
  148  20:06  Drone x2, Extractor  
  152  20:07  Extractor, Drone x2  
  152  20:18  Corruptor  
  152  20:20  Drone x3  
  156  20:21  Drone x2  
  156  20:26  Corruptor  
  156  20:27  Queen  
  156  20:28  Queen  
  159  20:38  Drone x2  
  159  20:39  Corruptor  
  163  20:45  Corruptor  
  163  20:49  Corruptor  
  146  20:57  Corruptor  
  146  20:58  Queen  
  146  21:03  Corruptor, Unknown  
  151  21:05  Drone x2  
  151  21:06  Drone x2  
  151  21:10  Corruptor  
  157  21:15  Queen  
  159  21:22  Corruptor  
  159  21:25  Zergling x4, Roach x2  
  167  21:37  Roach x2  
  168  21:41  Corruptor x2  
  168  21:43  Drone x2  
  168  21:44  Overlord  
  168  21:46  Drone x3  
  173  21:51  Infestor  
  175  22:03  Spore Crawler  
  175  22:04  Drone x2, Spine Crawler  
  175  22:08  Extractor  
  175  22:09  Infestor, Extractor  
  175  22:10  Zergling x20  
  185  22:24  Infestor  
  185  22:25  Zergling x16  
  185  22:29  Zergling x4  
  197  22:30  Overlord  
  197  22:33  Overseer  
  171  22:53  Zergling x2, Roach x4  
  171  22:56  Zergling x4, Roach x2  
  172  23:00  Corruptor x2  
  172  23:01  Zergling x2, Roach x2  
  172  23:02  Zergling x2  
  177  23:13  Infestor  
  177  23:18  Drone  
  179  23:23  Corruptor  
  180  23:28  Corruptor x2  
  178  23:39  Queen x3  
  181  23:46  Corruptor  
  179  23:59  Neural Parasite  
  178  24:03  Hatchery  
  173  24:15  Corruptor  
  131  24:31  Corruptor  
  109  24:32  Zergling x14  
  109  24:33  Zergling x8  
  108  24:41  Zergling x2  
  108  24:42  Zergling x4  
  101  24:50  Corruptor  
  82  25:09  Zergling x10  
  74  25:35  Corruptor  
  74  25:40  Corruptor  
  69  25:56  Zergling x2  
  69  25:57  Zergling x4  
Tags
 
Add a new tag
Caveats
  • Supply blocks, unpowered buildings, or Contaminate may cause inaccurate times.
  • Supply counts are checked every 10 seconds.